[Event "Masterklassen-Elit 2025"]
[Site "Uppsala, Sweden"]
[Date "2025.07.02"]
[Round "5.1"]
[White "Thorn, Eric"]
[Black "Olsson, William"]
[Result "0-1"]
[TimeControl "90 min for 40 move + 30 min with an increment of 30 sec starting move 1"]
[WhiteTitle "FM"]
[BlackTitle "IM"]
[WhiteFideId "1710729"]
[BlackFideId "1741721"]
[WhiteElo "2357"]
[BlackElo "2365"]

1. d4 d5 2. c4 c6 3. Nf3 Nf6 4. g3 dxc4 5. Bg2 b5 6. O-O Bb7 7. Ne5 e6 8. a4 a6 9. b3 cxb3 10.
Qxb3 Qxd4 11. Bb2 Qb4 12. Qc2 Qc5 13. Qd3 Qd6 14. axb5 Qxd3 15. Nxd3 axb5 16. Rxa8 Bxa8 17. Nd2 Bb7 18.
Ra1 Ba6 19. Be5 Nfd7 20. Bc7 Be7 21. Bxc6 Nxc6 22. Rxa6 Nd8 23. Bf4 Nf6 24. e4 O-O 25. Rb6 h6 26. Kf1 g5 27. Bc7 Ne8 28.
Bxd8 Bxd8 29. Rxb5 Nd6 30. Rc5 Be7 31. Rc7 Re8 32. e5 Nb5 33. Rb7 Nc3 34. Nc4 Nd5 35. Nb6 Rd8 36. Nxd5 Rxd5 37.
Ke2 Bf8 38. Rb8 Kg7 39. Rc8 Be7 40. Ke3 Bd8 41. Ke4 Bb6 42. Rc4 Ra5 43. Rb4 Ba7 44. f4 Ra2 45. Rb2 Ra4+ 46. Rb4 Ra3 47.
h3 Bg1 48. Rb2 Kg6 49. Rg2 Ba7 50. Rb2 Bg1 51. Rg2 Bb6 52. Rb2 Ba7 53. Rb7 Bg1 54. Rb2 Rc3 55. Rg2 Ba7 56. Ra2 Bb6 57.
Rb2 Rc4+ 58. Kf3 Bg1 59. Rg2 Bd4 60. Re2 Bb6 61. Rb2 Rc3 62. Ke4 Bg1 63. Rg2 Bc5 64. Nxc5 Rxc5 65. fxg5 hxg5 66.
Rf2 Rc1 67. h4 gxh4 68. gxh4 Rc4+ 69. Ke3 Rxh4 70. Rg2+ Kh7 71. Rf2 Kg7 72. Rg2+ Kf8 73. Rg1 Rh6 74. Rg2 Rg6 75. Rxg6 fxg6 76.
Kf4 Kg8 77. Kg4 Kh7 78. Kf4 Kh6 79. Kg4 g5 80. Kg3 Kh5 81. Kh3 g4+ 0-1

[Event "Masterklassen-Elit 2025"]
[Site "Uppsala, Sweden"]
[Date "2025.07.02"]
[Round "5.2"]
[White "Wiedenkeller, Michael"]
[Black "Carlsson, Ludvig"]
[Result "0-1"]
[TimeControl "90 min for 40 move + 30 min with an increment of 30 sec starting move 1"]
[WhiteTitle "IM"]
[BlackTitle "IM"]
[WhiteFideId "1700146"]
[BlackFideId "1727010"]
[WhiteElo "2384"]
[BlackElo "2379"]

1. c4 e5 2. Nc3 d6 3. g3 f5 4. Bg2 Nf6 5. d3 Be7 6. e4 O-O 7. Nge2 c6 8. O-O Qe8 9. exf5 Bxf5 10.
Ne4 Nbd7 11. N2c3 Kh8 12. h3 Qg6 13. Qb3 Qh5 14. Qd1 Bg4 15. hxg4 Nxg4 16. Re1 d5 17. cxd5 Bc5 18. Re2 Bxf2+ 19. Rxf2 Qh2+ 20. Kf1 Nxf2 21. Nxf2 Rxf2+ 22. Kxf2 Rf8+ 23. Qf3 Rxf3+ 24. Kxf3 e4+ 25. Kf2 Ne5 26. Nxe4 cxd5 27. Nc5 b6 28.
Bf4 Ng4+ 29. Kf3 Qh5 30. Rh1 Nh2+ 31. Kf2 Ng4+ 32. Kf3 Qf5 33. Bh3 0-1

[Event "Masterklassen-Elit 2025"]
[Site "Uppsala, Sweden"]
[Date "2025.07.02"]
[Round "5.3"]
[White "Andersson, Tommy"]
[Black "Ljung, Harald"]
[Result "1/2-1/2"]
[TimeControl "90 min for 40 move + 30 min with an increment of 30 sec starting move 1"]
[WhiteTitle "IM"]
[WhiteFideId "1703803"]
[BlackFideId "1738178"]
[WhiteElo "2348"]
[BlackElo "2194"]

1. e4 c5 2. Nc3 Nc6 3. g3 g6 4. Bg2 Bg7 5. d3 Nf6 6. Be3 d6 7. h3 O-O 8. Nge2 Rb8 9. d4 cxd4 10.
Nxd4 Bd7 11. O-O Ne5 12. Kh2 Nc4 13. Bc1 Qb6 14. Nb3 a5 15. Rb1 Rbc8 16. Nd2 h5 17. Nxc4 Rxc4 18. Be3 Qc7 19.
Re1 h4 20. Bf1 hxg3+ 21. fxg3 Rxc3 22. bxc3 Bc6 23. Bb6 Qc8 24. Bg2 Qe6 25. Bd4 Nd7 26. a3 Ne5 27. Qe2 Rd8 28. Rb3 Bf6 29.
h4 Bg7 30. Bh3 Qc4 31. Qd1 Bf6 32. Bf1 Qe6 33. Bh3 Qc4 34. Bf1 Qe6 1/2-1/2

[Event "Masterklassen-Elit 2025"]
[Site "Uppsala, Sweden"]
[Date "2025.07.02"]
[Round "5.4"]
[White "Ostlund, Joar"]
[Black "Landgren, Andreas"]
[Result "1-0"]
[TimeControl "90 min for 40 move + 30 min with an increment of 30 sec starting move 1"]
[WhiteTitle "FM"]
[BlackTitle "FM"]
[WhiteFideId "1735020"]
[BlackFideId "1704311"]
[WhiteElo "2322"]
[BlackElo "2261"]

1. d4 Nf6 2. Nf3 g6 3. c4 Bg7 4. Nc3 d5 5. cxd5 Nxd5 6. e4 Nxc3 7. bxc3 c5 8. Be3 Qa5 9. Qd2 O-O 10.
Rc1 Nd7 11. d5 Nf6 12. c4 Qxd2+ 13. Nxd2 b6 14. Be2 e6 15. e5 Ne8 16. f4 f6 17. Nf3 Bb7 18. Rd1 Nc7 19. d6 Na6 20.
O-O Rad8 21. exf6 Bxf6 22. Ne5 Be4 23. Bg4 Bf5 24. Bf3 Nb4 25. g4 Bc2 26. Rd2 Bxe5 27. fxe5 Bd3 28. Be2 Rxf1+ 29. Kxf1 Bxe2+ 30. Rxe2 Nc6 31. Bg5 Rd7 32. h4 Rf7+ 33. Kg2 Nb8 34. Bf6 h6 35. Re3 Nd7 36. g5 h5 37. Kf2 Nb8 38.
Ke2 Nc6 39. Rd3 Rd7 40. Kd2 Kf7 41. Kc3 Ke8 42. Kb3 Na5+ 43. Ka4 Nxc4 44. Kb5 Na5 45. Be7 Kf7 46. Rf3+ Kg7 47. Rf6 c4 48.
Rxe6 c3 49. Rf6 c2 50. Rf1 a6+ 51. Kxa6 Nc6 52. e6 Rxe7 53. dxe7 Nxe7 54. Kxb6 Nd5+ 55. Kb7 Kg8 56. Rc1 1-0

[Event "Masterklassen-Elit 2025"]
[Site "Uppsala, Sweden"]
[Date "2025.07.02"]
[Round "5.5"]
[White "Strom-Engdahl, Alexander"]
[Black "Lindberg, Bengt"]
[Result "0-1"]
[TimeControl "90 min for 40 move + 30 min with an increment of 30 sec starting move 1"]
[WhiteTitle "FM"]
[BlackTitle "IM"]
[WhiteFideId "1741586"]
[BlackFideId "1700359"]
[WhiteElo "2320"]
[BlackElo "2334"]

1. e4 c5 2. Nf3 e6 3. d4 cxd4 4. Nxd4 Nf6 5. Nc3 Nc6 6. Ndb5 Bc5 7. Nd6+ Ke7 8. Bf4 e5 9. Nf5+ Kf8 10.
Bg5 d6 11. Bc4 h6 12. Bxf6 Qxf6 13. Ne3 Be6 14. Bb3 Kg8 15. Qd2 Kh7 16. O-O-O Bb4 17. Kb1 Qg6 18. Bxe6 fxe6 19. a3 Bc5 20.
h4 Rad8 21. f3 Rhf8 22. h5 Qe8 23. Qd3 Nd4 24. Ne2 b5 25. Nxd4 Bxd4 26. c3 Bc5 27. Ng4 a5 28. g3 b4 29.
axb4 axb4 30. cxb4 Bxb4 31. f4 Qa4 32. Qc2 Qa5 33. Qb3 Ra8 34.
Ne3 Rfb8 35. Nc4 Qa6 36. fxe5 Ba3 37. Qc3 Bxb2 38. Nxb2 Qa2+ 39. Kc2 Rxb2+ 40. Qxb2 Rc8+ 41. Kd3 Qxb2 42.
exd6 Rc3+ 43. Kd4 Rb3+ 0-1

[Event "Masterklassen-Elit 2025"]
[Site "Uppsala, Sweden"]
[Date "2025.07.03"]
[Round "6.1"]
[White "Olsson, William"]
[Black "Wiedenkeller, Michael"]
[Result "1-0"]
[TimeControl "90 min for 40 move + 30 min with an increment of 30 sec starting move 1"]
[WhiteTitle "IM"]
[BlackTitle "IM"]
[WhiteFideId "1741721"]
[BlackFideId "1700146"]
[WhiteElo "2365"]
[BlackElo "2384"]

1. Nf3 d5 2. g3 g6 3. Bg2 Bg7 4. O-O e5 5. d3 Ne7 6. Nbd2 O-O 7. e4 Nbc6 8. a4 a5 9. c3 h6 10.
Re1 Be6 11. Qe2 Re8 12. exd5 Nxd5 13. Nc4 Bf5 14. Nfd2 Qd7 15. Ne4 Rad8 16. Nc5 Qc8 17. Ne3 Nxe3 18. Bxe3 Rd6 19. Ne4 Rdd8 20.
Qc2 b6 21. Bxh6 Bxe4 22. Bxe4 Bxh6 23. Bxc6 Re6 24. Bb5 Bg7 25. Re3 Red6 26. Rae1 c6 27. Bc4 Kf8 28. Qe2 Bf6 29. Rf3 Kg7 30.
Qe4 Qh3 31. g4 Qh4 32. h3 R8d7 33. Kg2 Re7 34. d4 c5 35. dxe5 Bxe5 36. Bxf7 Rf6 37. Bc4 Bd6 38. Qa8 Rxf3 39. Rxe7+ Qxe7 40. Qg8+ Kh6 41. Kxf3 Qf6+ 42.
Kg2 Qe5 43. Kf1 Kg5 44. Bd3 Qf6 45. Kg2 Be5 46. Be4 Bd6 47. Qh7 c4 48. f3 Bc5 49. h4+ Kf4 50. Qh6+ Ke5 51. Bxg6 Kd6 52. Qg5 Qxg5 53. hxg5 Be3 54.
Kg3 Ke5 55. Kh4 Bc1 56. Bf7 Bxb2 57. g6 Kf6 58. g5+ Kg7 59. f4 Bxc3 60. f5 1-0

[Event "Masterklassen-Elit 2025"]
[Site "Uppsala, Sweden"]
[Date "2025.07.03"]
[Round "6.2"]
[White "Ljung, Harald"]
[Black "Thorn, Eric"]
[Result "0-1"]
[TimeControl "90 min for 40 move + 30 min with an increment of 30 sec starting move 1"]
[BlackTitle "FM"]
[WhiteFideId "1738178"]
[BlackFideId "1710729"]
[WhiteElo "2194"]
[BlackElo "2357"]

1. d4 Nf6 2. Nf3 d5 3. c4 e6 4. e3 b6 5. cxd5 exd5 6. Nc3 Bd6 7. Be2 O-O 8. O-O Re8 9. b3 a6 10.
Bb2 Nbd7 11. Rc1 Bb7 12. Qc2 Qe7 13. Bd3 g6 14. Ne2 Rac8 15. Qb1 Qf8 16. Qa1 Qh6 17. Rcd1 Re7 18. a4 Rce8 19.
a5 b5 20. Ba3 b4 21. Bb2 Ne4 22. g3 Ndf6 23. Nf4 g5 24. Ng2 Bc8 25. h4 Bg4 26. Ne5 Bh3 27. Bxe4 Nxe4 28. hxg5 Nxg5 29. Nh4 f6 30. Nd3 Rg7 31.
Nf4 Bxf4 32. exf4 Ne4 33. Kh2 Bxf1 34. Rxf1 Nd2 35. Rd1 Nf3+ 0-1

[Event "Masterklassen-Elit 2025"]
[Site "Uppsala, Sweden"]
[Date "2025.07.03"]
[Round "6.3"]
[White "Carlsson, Ludvig"]
[Black "Ostlund, Joar"]
[Result "0-1"]
[TimeControl "90 min for 40 move + 30 min with an increment of 30 sec starting move 1"]
[WhiteTitle "IM"]
[BlackTitle "FM"]
[WhiteFideId "1727010"]
[BlackFideId "1735020"]
[WhiteElo "2379"]
[BlackElo "2322"]

1. c4 e6 2. Nc3 d5 3. d4 Nf6 4. Bg5 Be7 5. e3 h6 6. Bh4 O-O 7. Nf3 Nbd7 8. Rc1 a6 9. c5 c6 10.
Bd3 e5 11. dxe5 Ne8 12. Bg3 Nxc5 13. Bb1 g6 14. Nd4 Ng7 15. O-O Nce6 16. f4 Nxd4 17. exd4 Bf5 18. Bxf5 Nxf5 19. Bf2 h5 20.
g3 Rc8 21. Na4 b5 22. Nc5 Bxc5 23. Rxc5 Qd7 24. Qd3 Nh6 25. Rfc1 Kg7 26. Qc2 Qh3 27. Be1 h4 28. Rxc6 Rxc6 29.
Qxc6 Ng4 30. Qc2 Rc8 31. Bc3 b4 32. Qg2 Qxg2+ 33. Kxg2 bxc3 34. Rxc3 Rxc3 35. bxc3 hxg3 36. hxg3 Ne3+ 37.
Kf3 Nd1 38. c4 dxc4 39. d5 Nc3 40. d6 Kf8 41. a3 Ke8 42. Ke3 Kd7 43. Kd4 Nb5+ 44. Kxc4 Nxa3+ 45. Kb4 Nc2+ 46. Ka5 Nd4 47.
g4 g5 48. f5 Nc6+ 0-1

[Event "Masterklassen-Elit 2025"]
[Site "Uppsala, Sweden"]
[Date "2025.07.03"]
[Round "6.4"]
[White "Strom-Engdahl, Alexander"]
[Black "Andersson, Tommy"]
[Result "1-0"]
[TimeControl "90 min for 40 move + 30 min with an increment of 30 sec starting move 1"]
[WhiteTitle "FM"]
[BlackTitle "IM"]
[WhiteFideId "1741586"]
[BlackFideId "1703803"]
[WhiteElo "2320"]
[BlackElo "2348"]

1. Nf3 Nf6 2. c4 c5 3. Nc3 Nc6 4. g3 e5 5. Bg2 d6 6. O-O g6 7. d3 Bg7 8. Ne1 h6 9. Nc2 O-O 10.
Rb1 Be6 11. Ne3 Qd7 12. Ned5 Bxd5 13. Nxd5 Nxd5 14. cxd5 Nb4 15. a3 Na6 16. b4 cxb4 17. axb4 Nc7 18. Bb2 Qb5 19. Qb3 Qd7 20.
f4 exf4 21. gxf4 Nb5 22. f5 Bxb2 23. Qxb2 Qe7 24. Be4 f6 25. fxg6 f5 26. Bg2 Qe3+ 27. Kh1 Rae8 28. Rbe1 Nd4 29.
Qc1 Qxc1 30. Rxc1 Rxe2 31. Rc7 b5 32. h4 Re5 33. Ra1 Rf6 34. Raxa7 Re8 35. h5 f4 36. Rg7+ Kf8 37. Raf7+ Rxf7 38.
Rxf7+ Kg8 39. Rxf4 Ne2 40. Rf6 Re5 41. Bf3 Ng3+ 42. Kh2 Rg5 43. Be4 Nxh5 44. Rxd6 Nf4 45. Rd8+ Kg7 46. d6 Kf6 47.
Rf8+ 1-0

[Event "Masterklassen-Elit 2025"]
[Site "Uppsala, Sweden"]
[Date "2025.07.03"]
[Round "6.5"]
[White "Lindberg, Bengt"]
[Black "Landgren, Andreas"]
[Result "1-0"]
[TimeControl "90 min for 40 move + 30 min with an increment of 30 sec starting move 1"]
[WhiteTitle "IM"]
[BlackTitle "FM"]
[WhiteFideId "1700359"]
[BlackFideId "1704311"]
[WhiteElo "2334"]
[BlackElo "2261"]

1. Nf3 Nf6 2. e3 g6 3. b3 Bg7 4. Bb2 c5 5. c4 O-O 6. Be2 d5 7. cxd5 Qxd5 8. Nc3 Qf5 9. d3 Nc6 10.
Rc1 Rd8 11. O-O b6 12. Rc2 Ba6 13. Rd2 e5 14. Qb1 Rd7 15. Rfd1 Rad8 16. Ne4 h6 17. h3 Qe6 18. Nxf6+ Bxf6 19. Bf1 Bg7 20. Bc3 f5 21.
Qa1 Kh7 22. Qb2 Qe7 23. a3 Nd4 24. b4 Nxf3+ 25. gxf3 Bb7 26. Bg2 cxb4 27. axb4 Qg5 28. Kh2 Qh5 29. Bxe5 Bxf3 30. Bxf3 Qxf3 31. Bxg7 Rxg7 32. Qe5 Qd5 33. Qxd5 Rxd5 34. Ra2 a5 35. bxa5 bxa5 36. d4 Ra7 37.
Ra4 Kg7 38. Kg2 Rb5 39. Rda1 Kf6 40. R1a2 Ke6 41. f3 Kd5 42. Kf2 Ra6 43. Ke2 Ra7 44. R2a3 Kc6 45. Rc4+ Kd6 46. Kd3 Rab7 47.
Rac3 R7b6 48. e4 fxe4+ 49. fxe4 Rb1 50. e5+ Ke6 51.
Rc6+ Kf5 52. Rxb6 Rxb6 53. Rc8 a4 54. Rf8+ Kg5 55. Ra8 Kf5 56. Rxa4 Rb1 57. Ra6 Rd1+ 58. Ke3 Re1+ 59. Kd2 Rb1 60.
Kc2 Re1 61. Kd3 Rd1+ 62. Kc4 Ke4 63. Rd6 Rc1+ 64. Kb5 g5 65. e6 Kf5 66. d5 Rc8 67. Rc6 Re8 68. Kc5 Ke5 69. Rc7 h5 70. Kc6 g4 71. hxg4 hxg4 72. Rg7 Rc8+ 73. Kd7 Ra8 74. Rg5+ Kf4 75. Rh5 g3 76. Rh1 Ke5 77.
e7 Kxd5 78. Re1 Ra7+ 79. Ke8 Ra4 80. Kf7 Rf4+ 81. Kg6 g2 82. Rd1+ Kc4 83. e8=Q Rg4+ 84. Kh5 g1=Q 85. Qc8+ Kb3 86.
Qxg4 Qh2+ 87. Kg6 Qc2+ 88. Kf7 Qf2+ 89. Ke7 Qc5+ 90. Rd6 Kc3 91. Qf3+ Kb4 92. Qe4+ Ka3 93. Qd3+ 1-0

[Event "Masterklassen-Elit 2025"]
[Site "Uppsala, Sweden"]
[Date "2025.07.04"]
[Round "7.1"]
[White "Wiedenkeller, Michael"]
[Black "Ljung, Harald"]
[Result "1-0"]
[TimeControl "90 min for 40 move + 30 min with an increment of 30 sec starting move 1"]
[WhiteTitle "IM"]
[WhiteFideId "1700146"]
[BlackFideId "1738178"]
[WhiteElo "2384"]
[BlackElo "2194"]

1. d4 d5 2. c4 e6 3. Nc3 Nf6 4. cxd5 exd5 5. Bg5 Be7 6. e3 c6 7. Bd3 Nbd7 8. Qc2 Nf8 9. Nf3 Ne6 10.
Bh4 g6 11. O-O O-O 12. Rab1 Ng7 13. b4 a6 14. a4 Bf5 15. b5 axb5 16. axb5 Bxd3 17. Qxd3 Nf5 18. Bxf6 Bxf6 19. bxc6 bxc6 20.
Rb3 Nd6 21. Nd2 Qd7 22. Rc1 Rfc8 23. Qc2 Kg7 24. Ne2 h5 25. Nf4 Ra7 26. Nd3 Rac7 27. Rb6 Nf5 28. Nc5 Qe7 29. Nf1 Nd6 30. Nd2 Nf5 31. Qd3 Ra7 32.
Na6 Qe8 33. Qc3 Qf8 34. Nb4 Rac7 35. Qb3 Qe8 36. Qd3 h4 37. h3 Qd7 38. Na6 Ra7 39. Rcb1 Nd6 40. Nc5 Qe8 41. R6b3 Rca8 42.
Nf3 Ra2 43. R3b2 R2a3 44. Rb3 Ra2 45. Nd2 Bg5 46. R3b2 R2a3 47. Ncb3 Nf5 48. Rc1 Rb8 49. Rc3 Bf6 50. Qc2 Rb6 51.
Rb1 Bg5 52. Rc1 Raa6 53. Nf3 Bf6 54. Nc5 Ra8 55. Nd3 Rba6 56. Nde5 Ra2 57. Qd3 Nd6 58. Rxc6 Ne4 59. R6c2 R8a3 60.
Qe2 Qa4 61. Ne1 Be7 62. N5d3 Qa6 63. Nf4 Qa5 64. Nfd3 Qa6 65. Nf4 Qa5 66. Nfd3 Qa6 67. Rxa2 Rxa2 68. Qg4 Qa3 69. Rc7 Nxf2 70. Nxf2 Qxe3 71.
Rxe7 Qxe7 72. Nf3 Ra1+ 73. Kh2 Qc7+ 74. Ne5 Qc1 75. Qxh4 Qg1+ 76. Kg3 Ra2 77. Qf4 Ra3+ 78. Nf3 Qb1 79. Qe5+ Kg8 80. Ng4 Qb4 81. Nf6+ Kf8 82.
Nxd5 1-0

[Event "Masterklassen-Elit 2025"]
[Site "Uppsala, Sweden"]
[Date "2025.07.04"]
[Round "7.2"]
[White "Ostlund, Joar"]
[Black "Olsson, William"]
[Result "1/2-1/2"]
[TimeControl "90 min for 40 move + 30 min with an increment of 30 sec starting move 1"]
[WhiteTitle "FM"]
[BlackTitle "IM"]
[WhiteFideId "1735020"]
[BlackFideId "1741721"]
[WhiteElo "2322"]
[BlackElo "2365"]

1. d4 d5 2. c4 e6 3. Nf3 Nf6 4. Nc3 c6 5. Bg5 h6 6. Bxf6 Qxf6 7. e3 Nd7 8. Bd3 dxc4 9. Bxc4 g6 10.
O-O Bg7 11. Ne4 Qe7 12. Qc2 O-O 13. Bb3 Kh8 14. Rad1 e5 15. dxe5 Nxe5 16. Nxe5 Bxe5 17. f4 Bg7 18. Nd6 f5 19. Rfe1 Qf6 20. Re2 Rb8 21. Qc5 Be6 22. Qxa7 Bxb3 23. axb3 Qe6 24. Qb6 Kh7 25.
Nc4 Rf7 26. Red2 Ra8 27. h3 Re7 28. Rd6 Qf7 29. Qc5 Rae8 30. Kh2 b5 31. Ne5 Bxe5 32. fxe5 Rxe5 33. Qxc6 Rxe3 34. Rf6 Qg7 35.
Rdd6 Rg8 36. Qxb5 Qc7 37. Qc4 Re7 38. h4 h5 39. Qxc7 Rxc7 40. Kh3 Rc2 41. b4 Rxb2 42. Rb6 Rg7 43.
Rfc6 Rb3+ 44. Kh2 Re3 45. b5 Re4 46. Kg3 Rg4+ 47. Kh3 Re7 48. Re6 Rxe6 49. Rxe6 Rb4 50. b6 Rb3+ 51. Kh2 Kh6 52.
g3 Kg7 53. Rc6 Kf7 54. Kg2 Kg7 55. Rc7+ Kf6 56. b7 f4 57. gxf4 Kf5 58. Rg7 1/2-1/2

[Event "Masterklassen-Elit 2025"]
[Site "Uppsala, Sweden"]
[Date "2025.07.04"]
[Round "7.3"]
[White "Thorn, Eric"]
[Black "Strom-Engdahl, Alexander"]
[Result "1/2-1/2"]
[TimeControl "90 min for 40 move + 30 min with an increment of 30 sec starting move 1"]
[WhiteTitle "FM"]
[BlackTitle "FM"]
[WhiteFideId "1710729"]
[BlackFideId "1741586"]
[WhiteElo "2357"]
[BlackElo "2320"]

1. e4 c5 2. Nf3 Nc6 3. Bb5 Nf6 4. Nc3 g6 5. e5 Ng4 6. Bxc6 dxc6 7. h3 Nh6 8. g4 Bg7 9. d3 O-O 10.
Qe2 f6 11. Bd2 Nf7 12. e6 Ne5 13. Nxe5 fxe5 14. O-O-O Bxe6 15. h4 Bd5 16. Rh3 h6 17. Ne4 Qe8 18. c4 Bxe4 19. dxe4 Rd8 20.
Ra3 a6 21. Be3 Rd4 22. Bxd4 exd4 23. Rf3 Be5 24. h5 g5 25. Rf5 Qb8 26. Rxf8+ Kxf8 27. Kc2 Ke8 28. Rd3 b5 29. Ra3 Qb6 30.
Rf3 e6 31. Qd3 a5 32. a4 b4 1/2-1/2

[Event "Masterklassen-Elit 2025"]
[Site "Uppsala, Sweden"]
[Date "2025.07.04"]
[Round "7.4"]
[White "Landgren, Andreas"]
[Black "Carlsson, Ludvig"]
[Result "0-1"]
[TimeControl "90 min for 40 move + 30 min with an increment of 30 sec starting move 1"]
[WhiteTitle "FM"]
[BlackTitle "IM"]
[WhiteFideId "1704311"]
[BlackFideId "1727010"]
[WhiteElo "2261"]
[BlackElo "2379"]

1. d4 e6 2. e4 d5 3. e5 c5 4. c3 Nc6 5. Nf3 Bd7 6. Be2 h6 7. h4 Qb6 8. O-O cxd4 9. cxd4 g5 10.
hxg5 hxg5 11. Bxg5 Bh6 12. Bxh6 Nxh6 13. Nc3 Nf5 14. Na4 Qb4 15. a3 Qf8 16. Re1 Qh6 17. Kf1 Qf4 18. Kg1 Ng3 19.
fxg3 Qe3+ 20. Kf1 Rh1+ 21. Ng1 Rxg1# 0-1

[Event "Masterklassen-Elit 2025"]
[Site "Uppsala, Sweden"]
[Date "2025.07.04"]
[Round "7.5"]
[White "Andersson, Tommy"]
[Black "Lindberg, Bengt"]
[Result "1/2-1/2"]
[TimeControl "90 min for 40 move + 30 min with an increment of 30 sec starting move 1"]
[WhiteTitle "IM"]
[BlackTitle "IM"]
[WhiteFideId "1703803"]
[BlackFideId "1700359"]
[WhiteElo "2348"]
[BlackElo "2334"]

1. Nf3 Nf6 2. b3 g6 3. Bb2 Bg7 4. c4 c5 5. e3 Nc6 6. Be2 O-O 7. d4 cxd4 8. Nxd4 d6 9. O-O Bd7 10.
Nc3 a6 11. Qd2 Rb8 12. Rac1 Qa5 13. Rfd1 Rfc8 14. a3 Qd8 15. Bf3 Ne5 16. Be2 Nc6 17. Bf3 Ne5 18. Be2 1/2-1/2

[Event "Masterklassen-Elit 2025"]
[Site "Uppsala, Sweden"]
[Date "2025.07.05"]
[Round "8.1"]
[White "Ljung, Harald"]
[Black "Ostlund, Joar"]
[Result "0-1"]
[TimeControl "90 min for 40 move + 30 min with an increment of 30 sec starting move 1"]
[BlackTitle "FM"]
[WhiteFideId "1738178"]
[BlackFideId "1735020"]
[WhiteElo "2194"]
[BlackElo "2322"]

1. d4 Nf6 2. Nf3 e6 3. g3 b5 4. Bg2 Bb7 5. O-O Be7 6. a4 b4 7. c4 O-O 8. b3 c5 9. Bb2 cxd4 10.
Bxd4 Nc6 11. Bb2 d6 12. Nbd2 Qc7 13. Qc2 h6 14. Rac1 Nd7 15. Rfd1 Rad8 16. h4 f5 17. e3 Nc5 18.
Nd4 Ne5 19. N2f3 Be4 20. Qe2 Nxf3+ 21. Bxf3 e5 22. Bxe4 fxe4 23. Nc2 a5 24. Na1 Rf3 25. Rd5 Rdf8 26. Rcd1 Qc8 27. Rxc5 Qxc5 28. Nc2 Qc8 29. Ne1 Rxf2 30.
Qxf2 Rxf2 31. Kxf2 Qf5+ 32. Kg2 Qg4 0-1

[Event "Masterklassen-Elit 2025"]
[Site "Uppsala, Sweden"]
[Date "2025.07.05"]
[Round "8.2"]
[White "Strom-Engdahl, Alexander"]
[Black "Wiedenkeller, Michael"]
[Result "0-1"]
[TimeControl "90 min for 40 move + 30 min with an increment of 30 sec starting move 1"]
[WhiteTitle "FM"]
[BlackTitle "IM"]
[WhiteFideId "1741586"]
[BlackFideId "1700146"]
[WhiteElo "2320"]
[BlackElo "2384"]

1. Nf3 d5 2. e3 Nf6 3. c4 e6 4.
b3 c5 5.
Bb2 Nc6 6. cxd5 exd5 7. Bb5 Bd6 8. O-O O-O 9. h3 Bd7 10. Re1 a6 11. Bxc6 Bxc6 12. d4 b6 13. Nc3 Re8 14. Rc1 Rc8 15.
dxc5 bxc5 16. Qd3 Bb7 17. Qf5 Qe7 18. Rcd1 Qe6 19. Qxe6 fxe6 20. Nd2 h6 21. Na4 Bf8 22. Nf3 Bc6 23.
Nc3 Nd7 24. e4 d4 25. Nb1 e5 26. Na3 a5 27. Nc4 a4 28. Ba3 Ra8 29. Rb1 axb3 30. axb3 Kf7 31. Nfd2 Reb8 32. Rec1 Be7 33.
f3 Ke6 34. Ra1 Bb5 35. Rcb1 Bg5 36. Kf2 Bxd2 37. Nxd2 Bd3 38. Rc1 Ra6 39. Bb2 Rxa1 40. Bxa1 Ra8 41. f4 Ra2 42. Ke1 Nf6 43.
b4 c4 44. fxe5 Nxe4 45. Nxe4 Re2+ 46. Kd1 Rxe4 47. b5 Kxe5 48.
b6 Kd6 49. Kd2 Kc6 50. Rg1 Re2+ 51. Kc1 c3 0-1

[Event "Masterklassen-Elit 2025"]
[Site "Uppsala, Sweden"]
[Date "2025.07.05"]
[Round "8.3"]
[White "Olsson, William"]
[Black "Landgren, Andreas"]
[Result "1-0"]
[TimeControl "90 min for 40 move + 30 min with an increment of 30 sec starting move 1"]
[WhiteTitle "IM"]
[BlackTitle "FM"]
[WhiteFideId "1741721"]
[BlackFideId "1704311"]
[WhiteElo "2365"]
[BlackElo "2261"]

1. c4 c5 2. Nc3 Nf6 3. g3 d5 4. cxd5 Nxd5 5. Bg2 Nc7 6. e3 e5 7. Nge2 Nc6 8. f4 Be7 9. fxe5 Nxe5 10.
d4 cxd4 11. exd4 Ng4 12. O-O O-O 13. h3 Nf6 14. Qb3 Rb8 15. Bf4 b5 16. a4 b4 17. Nd1 Bb7 18. Ne3 Bxg2 19. Kxg2 Rc8 20.
Rac1 Ncd5 21. Rxc8 Nxf4+ 22. Nxf4 Qxc8 23. Ned5 Nxd5 24. Nxd5 Bd6 25. Ne3 Qb7+ 26. Qd5 Qxd5+ 27. Nxd5 Rc8 28.
b3 f6 29. Ne3 Rc3 30. Nf5 Bc7 31. Rf3 Kf7 32. Rxc3 bxc3 33. Ne3 Ke6 34. Kf3 f5 35. Nc2 g5 36. g4 Bf4 37. Ke2 fxg4 38.
hxg4 a5 39. Kd3 Bd2 40. Ke4 Bf4 41. Kd3 Bd2 42. b4 axb4 43. Nxb4 Kd6 44. a5 Kc7 45. Nd5+ Kb7 46. Nxc3 Be1 47.
d5 Bg3 48. Ne4 Bf4 49. Nc5+ Ka7 50. Kc4 h6 51. Kb5 1-0

[Event "Masterklassen-Elit 2025"]
[Site "Uppsala, Sweden"]
[Date "2025.07.05"]
[Round "8.4"]
[White "Andersson, Tommy"]
[Black "Thorn, Eric"]
[Result "0-1"]
[TimeControl "90 min for 40 move + 30 min with an increment of 30 sec starting move 1"]
[WhiteTitle "IM"]
[BlackTitle "FM"]
[WhiteFideId "1703803"]
[BlackFideId "1710729"]
[WhiteElo "2348"]
[BlackElo "2357"]

1. Nf3 d5 2. b3 Nf6 3. Bb2 Bf5 4. g3 e6 5. Bg2 Be7 6. O-O O-O 7. d3 h6 8. h3 c6 9. Nbd2 a5 10.
a4 Bh7 11. Re1 Na6 12. e4 Nb4 13. Ne5 Qc7 14. Ng4 Nxg4 15. Qxg4 d4 16. Rac1 Na2 17. Bxd4 e5 18. Bb2 Nxc1 19.
Rxc1 Bg5 20. Rd1 b5 21. Nf1 Rad8 22. h4 Be7 23. axb5 cxb5 24. Ne3 Bc5 25. Nd5 Qd6 26. Rd2 f5 27.
exf5 Bxf5 28. Qh5 Rde8 29. Re2 Qd7 30. Rd2 Bg4 31. Qg6 Bf5 32. Qh5 Bg4 33. Qg6 Bf3 34. Bxf3 Rxf3 35. d4 exd4 36.
Bxd4 Re1+ 37. Kg2 Rxg3+ 38. Qxg3 Qxd5+ 39. f3 Re7 40. Qb8+ Kh7 41. Qxb5 Rf7 42. Rd3 Rf5 43. Qxa5 Qc6 44.
Qc3 Qg6+ 45. Kf1 Qh5 46. Ke2 Be7 47. Bxg7 Qg6 48. Re3 Bc5 49. Bd4 Rd5 50. Kf2 Bxd4 0-1

[Event "Masterklassen-Elit 2025"]
[Site "Uppsala, Sweden"]
[Date "2025.07.05"]
[Round "8.5"]
[White "Lindberg, Bengt"]
[Black "Carlsson, Ludvig"]
[Result "1/2-1/2"]
[TimeControl "90 min for 40 move + 30 min with an increment of 30 sec starting move 1"]
[WhiteTitle "IM"]
[BlackTitle "IM"]
[WhiteFideId "1700359"]
[BlackFideId "1727010"]
[WhiteElo "2334"]
[BlackElo "2379"]

1. e4 c5 2. Nf3 d6 3. d4 cxd4 4. Nxd4 Nf6 5. Nc3 a6 6. Bd3 e5 7. Nde2 Nc6 8. O-O Be6 9. f4 exf4 10.
Nxf4 Be7 11. Nxe6 fxe6 12. Qf3 Ne5 13. Qh3 Qd7 14. Bf4 Nxd3 15. cxd3 O-O 16. Bg5 h6 17. Be3 d5 18. e5 Nh7 19.
Qg4 Kh8 20. Ne2 Rxf1+ 21. Rxf1 Rf8 22. Nf4 Bg5 23. Ng6+ Kg8 24. Bf2 Rf5 25. Qe2 Qf7 26. Nh4 Bxh4 27. Bxh4 Rxf1+ 28. Qxf1 Qf5 29.
Qe2 h5 30. Be7 Kf7 31. Bd6 Kg6 32. h4 Qf4 33. Qf2 Qg4 34. Kh2 Qd1 35. Qg3+ Qg4 36.
Qf2 Qd1 37. Qg3+ Qg4 38. Qf2 Kh6 39. Be7 Kg6 1/2-1/2

[Event "Masterklassen-Elit 2025"]
[Site "Uppsala, Sweden"]
[Date "2025.07.06"]
[Round "9.1"]
[White "Ostlund, Joar"]
[Black "Strom-Engdahl, Alexander"]
[Result "1/2-1/2"]
[TimeControl "90 min for 40 move + 30 min with an increment of 30 sec starting move 1"]
[WhiteTitle "FM"]
[BlackTitle "FM"]
[WhiteFideId "1735020"]
[BlackFideId "1741586"]
[WhiteElo "2322"]
[BlackElo "2320"]

1. d4 d5 2. c4 c6 3. Nf3 Nf6 4. Nc3 dxc4 5. a4 Bf5 6. Ne5 Nbd7 7. Nxc4 Qc7 8. g3 e5 9. dxe5 Nxe5 10.
Bf4 Nfd7 11. Bg2 g5 12. Bxe5 Nxe5 13. Qd4 f6 14. O-O-O Be6 15. f4 1/2-1/2